| TOP OF THE 1ST |
|
Reno Aces batting - Pitching for Sacramento River Cats : RHP Doug Kennie
|
|
Pitching: RHP Doug Kennie
|
|
|
Batting: RHB Ji-an Li
|
0-0: DOUBLE (Flyball, 78XD, EV 110.0 MPH)
|
|
Batting: LHB Kyle Beaulieu
|
0-0: Called Strike 0-1: Swinging Strike 0-2: Ball 1-2: Ball 2-2: Fly out, F5 (Popup, 15, EV 76.9 MPH)
|
|
Batting: RHB Dave Vargas
|
0-0: Ball 1-0: Ball 2-0: Foul Ball, location: 2F 2-1: Called Strike 2-2: Foul Ball, location: 2F 2-2: Ball 3-2: Base on Balls
|
|
Batting: LHB Bobby Arevalo
|
0-0: Called Strike 0-1: Foul Ball, location: 2F 0-2: Foul Ball, location: 2F 0-2: Ball 1-2: Strikes out swinging
|
|
Batting: LHB Ian Jarvis
|
0-0: Called Strike 0-1: Ball 1-1: Ball 2-1: Foul Ball, location: 2F 2-2: Foul Ball, location: 2F 2-2: Strikes out swinging
|
| Top of the 1st over - 0 runs, 1 hit, 0 errors, 2 left on base; Reno 0 - Sacramento 0 |
| BOTTOM OF THE 1ST |
|
Sacramento River Cats batting - Pitching for Reno Aces : RHP Chad Toms
|
|
Pitching: RHP Chad Toms
|
|
|
Batting: LHB Cesar Arteaga
|
0-0: Ball 1-0: Swinging Strike 1-1: Foul Ball, location: 2F 1-2: Ball 2-2: Foul Ball, location: 2F 2-2: Ball 3-2: Base on Balls
|
|
Batting: LHB Ryan Braden
|
0-0: Foul Ball, location: 2F 0-1: Fly out, F8 (Flyball, 78M, EV 86.9 MPH)
|
|
Batting: LHB Kevin Kantor
|
0-0: Called Strike 0-1: Ball Cesar Arteaga steals 2nd base 1-1: Ball 2-1: Foul Ball, location: 2F 2-2: Ball 3-2: Foul Ball, location: 2F 3-2: Strikes out looking
|
|
Batting: RHB Davey Beeson
|
0-0: Ball 1-0: Foul Ball, location: 2F 1-1: 2-RUN HOME RUN (Flyball, 89XD, EV 113.1 MPH), Distance : 444 ft
|
|
Batting: RHB Martin Guerrero
|
0-0: Ball 1-0: Foul Ball, location: 2F 1-1: Fly out, F5 (Popup, 6S, EV 74.4 MPH)
|
| Bottom of the 1st over - 2 runs, 1 hit, 0 errors, 0 left on base; Reno 0 - Sacramento 2 |
| TOP OF THE 2ND |
|
Reno Aces batting - Pitching for Sacramento River Cats : RHP Doug Kennie
|
|
Batting: RHB Ruben Garza
|
0-0: Ground out U3 (Groundball, 34, EV 91.9 MPH)
|
|
Batting: LHB Steve Reinhart
|
0-0: Fly out, F6 (Popup, P, EV 81.2 MPH)
|
|
Batting: LHB Sumiki Okuhara
|
0-0: Ball 1-0: Swinging Strike 1-1: Swinging Strike 1-2: Ball 2-2: Strikes out looking
|
| Top of the 2nd over - 0 runs, 0 hits, 0 errors, 0 left on base; Reno 0 - Sacramento 2 |
| BOTTOM OF THE 2ND |
|
Sacramento River Cats batting - Pitching for Reno Aces : RHP Chad Toms
|
|
Batting: RHB Laroya Foronda
|
0-0: Called Strike 0-1: Foul Ball, location: 2F 0-2: Ball 1-2: Strikes out looking
|
|
Batting: LHB Nick Swank
|
0-0: Called Strike 0-1: Ball 1-1: Foul Ball, location: 2F 1-2: Foul Ball, location: 2F 1-2: Ball 2-2: Strikes out swinging
|
|
Batting: RHB Jack Toole
|
0-0: Called Strike 0-1: Foul Ball, location: 2F 0-2: Foul Ball, location: 2F 0-2: SINGLE (Groundball, 6MD, EV 99.4 MPH)
|
|
Batting: RHB Doug Kennie
|
0-0: Called Strike Jack Toole steals 2nd base 0-1: Ground out 5-3 (Groundball, 56S, EV 81.9 MPH)
|
| Bottom of the 2nd over - 0 runs, 1 hit, 0 errors, 1 left on base; Reno 0 - Sacramento 2 |
| TOP OF THE 3RD |
|
Reno Aces batting - Pitching for Sacramento River Cats : RHP Doug Kennie
|
|
Batting: RHB Alex Vasquez
|
0-0: Ball 1-0: Foul Ball, location: 2F 1-1: Ball 2-1: Foul Ball, location: 2F 2-2: Fly out, F9 (Flyball, 9LS, EV 79.4 MPH)
|
|
Batting: RHB Ji-an Li
|
0-0: Called Strike 0-1: Ball 1-1: Foul Ball, location: 2F 1-2: Strikes out swinging
|
|
Batting: LHB Kyle Beaulieu
|
0-0: Called Strike 0-1: DOUBLE (Groundball, 3L, EV 105.0 MPH)
|
|
Batting: RHB Dave Vargas
|
0-0: Called Strike 0-1: Ground out 4-3 (Groundball, 4S, EV 75.6 MPH)
|
| Top of the 3rd over - 0 runs, 1 hit, 0 errors, 1 left on base; Reno 0 - Sacramento 2 |
| BOTTOM OF THE 3RD |
|
Sacramento River Cats batting - Pitching for Reno Aces : RHP Chad Toms
|
|
Batting: LHB Cesar Arteaga
|
0-0: Called Strike 0-1: Ball 1-1: Ball 2-1: Foul Ball, location: 2F 2-2: Strikes out swinging
|
|
Batting: LHB Ryan Braden
|
0-0: Ball 1-0: Ball 2-0: Fly out, F2 (Popup, 15S, EV 84.4 MPH)
|
|
Batting: LHB Kevin Kantor
|
0-0: Ball 1-0: Ball 2-0: Called Strike 2-1: SINGLE (Groundball, 6MD, EV 96.9 MPH)
|
|
Batting: RHB Davey Beeson
|
0-0: Ball Kevin Kantor steals 2nd base 1-0: Called Strike 1-1: Ball 2-1: Foul Ball, location: 2F 2-2: 2-RUN HOME RUN (Flyball, 8RXD, EV 115.6 MPH), Distance : 462 ft
|
|
Batting: RHB Martin Guerrero
|
0-0: Ball 1-0: Foul Ball, location: 2F 1-1: SINGLE (Groundball, 4MD, EV 103.1 MPH)
|
|
Batting: RHB Laroya Foronda
|
0-0: Ball 1-0: Swinging Strike 1-1: Ball 2-1: SINGLE (Groundball, 6MD, EV 98.1 MPH) Martin Guerrero to second Runner from 2nd tries for 3rd, SAFE, throw by CF made to third Laroya Foronda to second
|
|
Batting: LHB Nick Swank
|
0-0: Ground out U3 (Groundball, 3L, EV 85.6 MPH)
|
| Bottom of the 3rd over - 2 runs, 4 hits, 0 errors, 2 left on base; Reno 0 - Sacramento 4 |
| TOP OF THE 4TH |
|
Reno Aces batting - Pitching for Sacramento River Cats : RHP Doug Kennie
|
|
Batting: LHB Bobby Arevalo
|
0-0: Called Strike 0-1: Called Strike 0-2: Ground out 6-3 (Groundball, 6, EV 89.4 MPH)
|
|
Batting: LHB Ian Jarvis
|
0-0: SINGLE (Groundball, 34D, EV 103.1 MPH)
|
|
Batting: RHB Ruben Garza
|
0-0: Called Strike 0-1: Swinging Strike 0-2: Strikes out swinging
|
|
Batting: LHB Steve Reinhart
|
0-0: Called Strike 0-1: Foul Ball, location: 2F 0-2: Ball 1-2: Strikes out swinging
|
| Top of the 4th over - 0 runs, 1 hit, 0 errors, 1 left on base; Reno 0 - Sacramento 4 |
| BOTTOM OF THE 4TH |
|
Sacramento River Cats batting - Pitching for Reno Aces : RHP Chad Toms
|
|
Batting: RHB Jack Toole
|
0-0: Ball 1-0: Foul Ball, location: 2F 1-1: Called Strike 1-2: Ball 2-2: Strikes out swinging
|
|
Batting: RHB Doug Kennie
|
0-0: Foul Ball, location: 2F 0-1: Ball 1-1: Called Strike 1-2: Ball 2-2: Fly out, F8 (Flyball, 8RD, EV 91.2 MPH)
|
|
Batting: LHB Cesar Arteaga
|
0-0: Foul Ball, location: 2F 0-1: Ball 1-1: Ball 2-1: Foul Ball, location: 2F 2-2: Foul Ball, location: 2F 2-2: Ball 3-2: Ground out 4-3 (Groundball, 34D, EV 102.5 MPH)
|
| Bottom of the 4th over - 0 runs, 0 hits, 0 errors, 0 left on base; Reno 0 - Sacramento 4 |
| TOP OF THE 5TH |
|
Reno Aces batting - Pitching for Sacramento River Cats : RHP Doug Kennie
|
|
Batting: LHB Sumiki Okuhara
|
0-0: Ball 1-0: SINGLE (Groundball, 4D, EV 107.5 MPH)
|
|
Batting: RHB Alex Vasquez
|
0-0: Grounds out, U3 (Groundball, 3L, EV 93.8 MPH)
|
|
Batting: RHB Ji-an Li
|
0-0: Ball 1-0: Foul Ball, location: 2F 1-1: Foul Ball, location: 2F 1-2: Foul Ball, location: 2F 1-2: Ball 2-2: Ball 3-2: Base on Balls
|
|
Batting: LHB Kyle Beaulieu
|
0-0: Ball 1-0: Ball 2-0: Ball 3-0: Called Strike 3-1: Base on Balls Sumiki Okuhara to third Ji-an Li to second
|
|
Batting: RHB Dave Vargas
|
0-0: Called Strike 0-1: Ball 1-1: Ball 2-1: Ball 3-1: Base on Balls Sumiki Okuhara scores Ji-an Li to third Kyle Beaulieu to second
|
|
Batting: LHB Bobby Arevalo
|
0-0: SINGLE (Line Drive, 78S, EV 91.9 MPH) Ji-an Li scores Kyle Beaulieu to third Dave Vargas to second Runner from 3rd tries for Home, SAFE, throw by LF to home
|
|
Batting: LHB Ian Jarvis
|
0-0: Swinging Strike 0-1: Foul Ball, location: 2F 0-2: Ball 1-2: Ball 2-2: Strikes out swinging
|
|
Batting: RHB Ruben Garza
|
0-0: Ball 1-0: Ball 2-0: Ball 3-0: Called Strike 3-1: Foul Ball, location: 2F 3-2: Foul Ball, location: 2F 3-2: Foul Ball, location: 2F 3-2: Strikes out swinging
|
| Top of the 5th over - 3 runs, 2 hits, 0 errors, 2 left on base; Reno 3 - Sacramento 4 |
| BOTTOM OF THE 5TH |
|
Sacramento River Cats batting - Pitching for Reno Aces : RHP Chad Toms
|
|
Batting: LHB Ryan Braden
|
0-0: Fly out, F8 (Flyball, 8LXD, EV 86.2 MPH)
|
|
Batting: LHB Kevin Kantor
|
0-0: Ball 1-0: Ball 2-0: Ball 3-0: Base on Balls
|
|
Batting: RHB Davey Beeson
|
0-0: Grounds into double play, 4-6-3 (Groundball, 4M, EV 88.8 MPH)
|
| Bottom of the 5th over - 0 runs, 0 hits, 0 errors, 0 left on base; Reno 3 - Sacramento 4 |
| TOP OF THE 6TH |
|
Reno Aces batting - Pitching for Sacramento River Cats : RHP Doug Kennie
|
|
Pitching: LHP Gael Greene
|
|
|
Batting: LHB Steve Reinhart
|
0-0: Called Strike 0-1: Ball 1-1: Ball 2-1: Swinging Strike 2-2: Strikes out swinging
|
|
Batting: LHB Sumiki Okuhara
|
0-0: Ball 1-0: Called Strike 1-1: Foul Ball, location: 2F 1-2: Foul Ball, location: 2F 1-2: Ball 2-2: Foul Ball, location: 2F 2-2: Foul Ball, location: 2F 2-2: Foul Ball, location: 2F 2-2: Strikes out swinging
|
|
Batting: RHB Alex Vasquez
|
0-0: Ball 1-0: Ground out U3 (Groundball, 3S, EV 85.0 MPH)
|
| Top of the 6th over - 0 runs, 0 hits, 0 errors, 0 left on base; Reno 3 - Sacramento 4 |
| BOTTOM OF THE 6TH |
|
Sacramento River Cats batting - Pitching for Reno Aces : RHP Chad Toms
|
|
Batting: RHB Martin Guerrero
|
0-0: Ball 1-0: Ball 2-0: Called Strike 2-1: Ball 3-1: Foul Ball, location: 2F 3-2: Fly out, F8 (Line Drive, 8RM, EV 85.6 MPH)
|
|
Batting: RHB Laroya Foronda
|
0-0: Ball 1-0: Ball 2-0: Foul Ball, location: 2F 2-1: Ball 3-1: Foul Ball, location: 2F 3-2: Base on Balls
|
|
Batting: LHB Nick Swank
|
0-0: Ball Laroya Foronda steals 2nd base 1-0: Intentional Walk
|
|
Batting: RHB Jack Toole
|
0-0: Ball 1-0: Fly out, F7 (Line Drive, 7, EV 99.4 MPH)
|
|
Batting: RHB Doug Kennie
|
0-0: Ball 1-0: Foul Ball, location: 2F 1-1: Called Strike 1-2: Ball 2-2: Fielders Choice at 2nd, 6-4 (Groundball, 6, EV 104.4 MPH)
|
| Bottom of the 6th over - 0 runs, 0 hits, 0 errors, 2 left on base; Reno 3 - Sacramento 4 |
| TOP OF THE 7TH |
|
Reno Aces batting - Pitching for Sacramento River Cats : LHP Gael Greene
|
|
Batting: RHB Ji-an Li
|
0-0: Foul Ball, location: 2F 0-1: Ball 1-1: Swinging Strike 1-2: Strikes out swinging
|
|
Pinch Hitting: RHB Juan Espinoza
|
0-0: Ball 1-0: Called Strike 1-1: Ball 2-1: Swinging Strike 2-2: Ball 3-2: Base on Balls
|
|
Batting: RHB Dave Vargas
|
0-0: Ball 1-0: Foul Ball, location: 2F 1-1: Swinging Strike 1-2: Strikes out swinging
|
|
Pinch Hitting: RHB Jon Solano
|
0-0: Ball 1-0: Ground out 6-3 (Groundball, 56, EV 104.4 MPH)
|
| Top of the 7th over - 0 runs, 0 hits, 0 errors, 1 left on base; Reno 3 - Sacramento 4 |
| BOTTOM OF THE 7TH |
|
Sacramento River Cats batting - Pitching for Reno Aces : RHP Chad Toms
|
|
Pitching: RHP Stanford Placard
|
|
|
Now at 1B: Juan Espinoza
|
|
|
Now at SS: Jon Solano
|
|
|
Batting: LHB Cesar Arteaga
|
0-0: Foul Ball, location: 2F 0-1: Ground out 4-3 (Groundball, 4, EV 100.0 MPH)
|
|
Batting: LHB Ryan Braden
|
0-0: Foul Ball, location: 2F 0-1: Ground out 5-3 (Groundball, 5, EV 77.5 MPH)
|
|
Batting: LHB Kevin Kantor
|
0-0: Foul Ball, location: 2F 0-1: Foul Ball, location: 2F 0-2: Strikes out swinging
|
| Bottom of the 7th over - 0 runs, 0 hits, 0 errors, 0 left on base; Reno 3 - Sacramento 4 |
| TOP OF THE 8TH |
|
Reno Aces batting - Pitching for Sacramento River Cats : LHP Gael Greene
|
|
Pitching: RHP Adam Durant
|
|
|
Batting: LHB Ian Jarvis
|
0-0: Ball 1-0: Ball 2-0: Ball 3-0: Called Strike 3-1: Swinging Strike 3-2: Base on Balls
|
|
Batting: RHB Ruben Garza
|
0-0: Called Strike 0-1: Called Strike 0-2: Strikes out looking
|
|
Batting: LHB Steve Reinhart
|
0-0: Ball 1-0: Ball 2-0: Called Strike 2-1: Called Strike 2-2: Strikes out swinging
|
|
Batting: LHB Sumiki Okuhara
|
0-0: Ball 1-0: Foul Ball, location: 2F 1-1: Foul Ball, location: 2F 1-2: Ball 2-2: Ball 3-2: Foul Ball, location: 2F 3-2: SINGLE (Groundball, 34, EV 100.0 MPH) Ian Jarvis to second Ian Jarvis to third
|
|
Batting: LHB Jeff Taylor
|
0-0: Ball 1-0: Ball 2-0: Foul Ball, location: 2F 2-1: Called Strike 2-2: Foul Ball, location: 2F 2-2: Foul Ball, location: 2F 2-2: Ground out 5-3 (Groundball, 56, EV 108.8 MPH)
|
| Top of the 8th over - 0 runs, 1 hit, 0 errors, 2 left on base; Reno 3 - Sacramento 4 |
| BOTTOM OF THE 8TH |
|
Sacramento River Cats batting - Pitching for Reno Aces : RHP Stanford Placard
|
|
Pitching: RHP Bill Pauley
|
|
|
Batting: RHB Davey Beeson
|
0-0: Ball 1-0: Ball 2-0: SINGLE (Groundball, 6D, EV 103.1 MPH)
|
|
Batting: RHB Martin Guerrero
|
0-0: Called Strike 0-1: Called Strike 0-2: Foul Ball, location: 2F 0-2: Strikes out looking
|
|
Batting: RHB Laroya Foronda
|
0-0: Swinging Strike 0-1: SINGLE (Groundball, 3D, EV 95.6 MPH) Davey Beeson to second
|
|
Batting: LHB Nick Swank
|
0-0: Ball 1-0: Called Strike 1-1: Grounds into double play, 4-6-3 (Groundball, 4, EV 85.0 MPH)
|
| Bottom of the 8th over - 0 runs, 2 hits, 0 errors, 1 left on base; Reno 3 - Sacramento 4 |
| TOP OF THE 9TH |
|
Reno Aces batting - Pitching for Sacramento River Cats : RHP Adam Durant
|
|
Pitching: RHP Herman Ruiz
|
|
|
Batting: RHB Ji-an Li
|
0-0: Foul Ball, location: 2F 0-1: Ball 1-1: Ball 2-1: Called Strike 2-2: Strikes out swinging
|
|
Batting: RHB Juan Espinoza
|
0-0: Called Strike 0-1: Fly out, F8 (Flyball, 8RD, EV 95.0 MPH)
|
|
Batting: RHB Dave Vargas
|
0-0: Fly out, F8 (Flyball, 8RD, EV 109.4 MPH)
|
| Top of the 9th over - 0 runs, 0 hits, 0 errors, 0 left on base; Reno 3 - Sacramento 4 |
|